Map: Lightshade LE

Players

Osiris

  • Race: Terran Terran
  • League: Master

IamEroX - Winner!

  • Race: Protoss Protoss
  • League: Master

VOD

Have the link to the VOD?

Description

Time

  • Played on: May 1, 2021, 4:55 p.m.
  • Length: 9:02
Show
View Real Time Build Order
Export as new Build Order

Osiris Terran 

Build Orders: Reaper Expand 

Get SALT Encoding   

  12  0:00  SCV  
  13  0:12  SCV  
  14  0:17  Supply Depot  
  14  0:24  SCV  
  15  0:38  SCV  
  15  0:39  Barracks  
  16  0:43  Refinery  
  16  0:50  SCV  
  17  1:02  SCV  
  18  1:15  SCV  
  19  1:28  Orbital Command, Reaper  
  20  1:46  Command Center  
  20  1:52  Supply Depot  
  20  1:55  SCV  
  20  2:00  Marine  
  22  2:08  SCV  
  23  2:16  Factory  
  23  2:20  Bunker  
  23  2:21  Barracks Reactor  
  23  2:27  Refinery  
  23  2:28  SCV  
  24  2:43  SCV  
  24  2:56  SCV  
  24  2:57  Marine x2  
  27  2:59  Hellion  
  27  3:00  Starport  
  27  3:03  Orbital Command  
  29  3:09  SCV  
  30  3:15  Marine x2  
  32  3:21  Factory Tech Lab  
  32  3:29  SCV  
  33  3:35  SCV  
  33  3:36  Marine x2  
  33  3:40  Barracks  
  36  3:43  SCV  
  37  3:49  Supply Depot, SCV  
  37  3:51  Factory Tech Lab, Raven  
  37  3:55  Marine, SCV  
  41  3:56  Marine  
  41  4:01  SCV  
  44  4:11  Siege Tank  
  44  4:14  SCV  
  44  4:15  SCV  
  44  4:16  Supply Depot, Barracks  
  49  4:19  Marine x2  
  51  4:26  SCV  
  51  4:27  SCV  
  53  4:39  Marine x2  
  53  4:40  SCV  
  53  4:41  SCV  
  53  4:43  Refinery  
  57  4:45  Engineering Bay  
  57  4:47  Supply Depot  
  57  4:49  Siege Tank, Stimpack  
  57  4:52  Starport Tech Lab  
  60  4:54  SCV  
  60  4:58  Marine  
  62  5:05  Supply Depot  
  62  5:06  Bunker  
  62  5:09  Marine, SCV  
  62  5:16  Marine, Combat Shield  
  62  5:17  Marine  
  62  5:20  SCV  
  65  5:23  Marine  
  65  5:26  Starport Reactor  
  65  5:27  Marine, SCV  
  68  5:32  SCV, Missile Turret, Factory Reactor  
  68  5:34  Missile Turret  
  69  5:37  Terran Infantry Weapons Level 1  
  69  5:39  SCV  
  69  5:41  Marauder  
  69  5:42  Refinery, Marauder  
  74  5:44  SCV  
  74  5:48  Marine x2  
  75  5:51  SCV  
  76  6:00  SCV  
  76  6:06  Command Center  
  76  6:10  SCV  
  77  6:22  Supply Depot, Medivac x2  
  77  6:23  Widow Mine x2  
  85  6:26  Supply Depot  
  85  6:27  Barracks  
  85  6:29  Barracks  
  85  6:30  Marine  
  86  6:40  Concussive Shells  
  86  6:43  Marine  
  86  6:44  Marauder x2, SCV  
  86  6:45  Supply Depot  
  86  6:46  SCV  
  93  6:49  Supply Depot  
  93  7:06  Marine x2, Marauder x2  
  93  7:07  Medivac  
  93  7:08  Medivac  
  103  7:09  Widow Mine x2  
  103  7:11  SCV  
  103  7:12  SCV  
  109  7:20  Orbital Command, Barracks Reactor  
  109  7:21  Barracks Tech Lab  
  109  7:23  SCV  
  109  7:28  SCV  
  111  7:30  Marine x2, Marauder  
  111  7:31  Marauder  
  111  7:32  Widow Mine x2  
  121  7:43  Marauder  
  66  7:44  Medivac x2  
  122  7:51  Orbital Command  
  124  8:11  Marine  
  124  8:12  Marine x3, Marauder x3  
  132  8:19  Supply Depot  
  132  8:20  Widow Mine x2  
  132  8:21  Supply Depot  
  136  8:31  Medivac x2  
Show
View Real Time Build Order
Export as new Build Order

IamEroX Protoss - Winner!

Build Orders: 1 Gate Expand, Phoenix Opening, Zealot Archon 

Get SALT Encoding   

  12  0:00  Probe  
  13  0:12  Probe  
  14  0:18  Pylon  
  14  0:24  Probe (Chrono Boost)  
  15  0:37  Probe (Chrono Boost)  
  15  0:38  Gateway  
  16  0:45  Probe (Chrono Boost)  
  16  0:46  Assimilator  
  17  0:51  Probe  
  18  1:03  Probe (Chrono Boost)  
  19  1:15  Probe (Chrono Boost)  
  20  1:21  Probe (Chrono Boost)  
  20  1:25  Cybernetics Core  
  21  1:31  Probe  
  22  1:40  Nexus  
  22  1:44  Pylon  
  22  1:52  Assimilator  
  22  1:54  Probe  
  22  2:01  Stalker (Chrono Boost)  
  23  2:02  Warp Gate  
  25  2:10  Probe  
  26  2:22  Stalker (Chrono Boost)  
  26  2:23  Probe  
  29  2:35  Probe  
  29  2:48  Probe  
  30  2:56  Probe (Chrono Boost)  
  31  3:01  Stargate  
  31  3:02  Probe (Chrono Boost)  
  31  3:05  Sentry  
  34  3:08  Assimilator, Probe (Chrono Boost)  
  36  3:14  Pylon  
  36  3:17  Probe x2 (Chrono Boost)  
  37  3:23  Probe  
  37  3:24  Probe  
  39  3:34  Shield Battery  
  39  3:35  Probe  
  39  3:36  Gateway, Probe  
  41  3:44  Phoenix (Chrono Boost)  
  41  3:47  Probe  
  44  3:48  Probe, Twilight Council  
  44  3:53  Pylon  
  45  4:00  Probe  
  46  4:03  Pylon  
  46  4:06  Phoenix (Chrono Boost)  
  48  4:12  Probe x2  
  50  4:22  Gateway, Phoenix (Chrono Boost)  
  53  4:24  Probe  
  53  4:28  Gateway  
  53  4:32  Stalker  
  53  4:35  Charge (Chrono Boost)  
  55  4:47  Phoenix (Chrono Boost)  
  55  4:50  Probe x2  
  59  4:55  Pylon  
  59  5:02  Probe x2  
  59  5:05  Pylon  
  61  5:09  Phoenix (Chrono Boost)  
  63  5:14  Probe  
  62  5:21  Assimilator  
  62  5:25  Templar Archives, Probe  
  62  5:27  Phoenix  
  65  5:29  Shield Battery  
  65  5:31  Pylon  
  65  5:39  Forge  
  65  5:49  Nexus  
  65  5:51  Pylon  
  65  6:08  Protoss Ground Weapons Level 1 (Chrono Boost)  
  65  6:12  Zealot  
  65  6:13  Zealot x3  
  73  6:23  Gateway  
  73  6:25  Gateway x2  
  73  6:28  Gateway, Pylon  
  73  6:31  Pylon  
  73  6:35  Shield Battery, Photon Cannon  
  73  6:36  Probe x2  
  75  6:46  Zealot x3  
  81  6:52  Probe x2  
  83  7:08  Photon Cannon  
  83  7:09  Pylon  
  83  7:10  High Templar x3  
  83  7:11  High Templar  
  91  7:17  Archon x2  
  91  7:19  Probe x2  
  91  7:20  Probe  
  94  7:24  Photon Cannon  
  94  7:29  Pylon  
  94  7:30  Zealot x3  
  94  7:31  Zealot  
  94  7:36  Probe x3  
  105  7:39  Robotics Facility  
  105  7:48  Photon Cannon  
  105  7:51  High Templar x4  
  113  8:11  Archon x2  
  113  8:12  Zealot  
  113  8:13  Zealot x3  
  121  8:29  Zealot x2  
  121  8:30  Zealot x3  
  131  8:40  Zealot  
  131  8:41  Zealot x2  
  133  8:45  Zealot x3  
Tags
 
Add a new tag
Caveats
  • Supply blocks, unpowered buildings, or Contaminate may cause inaccurate times.
  • Supply counts are checked every 10 seconds.